AoeStats
← Random

Arena

504570203Analyzed
4v4 RM · 27d ago on Sep 5, 2026· 80m 39s· 8 players
Game mode
Random Map
Map size
Large (8 player)
Population
200
Speed
Normal
Resources
Standard
Victory
Conquest
Starting age
Dark Age
Ending age
Imperial Age
RankedLock teamsTeams togetherTeam positionsShared explorationLock speedFull tech treeHidden civsTurbo modeCheats
Victory
Defeat
🇺🇸 Khitans · United States
1553
+14
🇺🇸 Vikings · United States
1550
+14
🇸🇻 Persians · El Salvador
1508
+15
🇩🇪 Teutons · Germany
1498
+16
🇭🇰 Spanish · Hong Kong SAR China
1529
-16
🇨🇳 Turks · China
1526
-16
🇭🇰 Lithuanians · Hong Kong SAR China
1499
-15
🇨🇳 Georgians · China
1434
-12
[Odst] Sheppard
5:47 Loom
8:21 Feudal Age
8:58 Double-Bit Axe
14:46 Horse Collar
15:04 Fletching
16:15 Horse Collar
27:05 Castle Age
29:17 Bodkin Arrow
30:26 Wheelbarrow
29:37 Town Watch
30:52 Padded Archer Armor
30:47 Elite Skirmisher
33:19 Ballistics
34:36 Leather Archer Armor
39:10 Heavy Plow
44:44 Imperial Age
45:00 Gold Mining
45:27 Bow Saw
45:10 Stone Mining
44:44 Crossbowman
46:12 Ring Archer Armor
46:44 Chemistry
49:00 Conscription
52:09 Crenellations
52:08 Caravan
55:28 Two-Man Saw
55:04 Crop Rotation
57:45 Ironclad
57:34 Siege Engineers
59:07 Heavy Scorpion
69:09 Hand Cart
72:40 Forging
72:30 Scale Mail Armor
72:35 Squires
71:56 Pikeman
74:16 Chain Mail Armor
74:37 Iron Casting
73:58 Halberdier
74:26 Arson
79:02 Plate Mail Armor
79:32 Blast Furnace
ashleylynn
11:45 Feudal Age
15:54 Castle Age
14:30 Domestication
14:49 Double-Bit Axe
17:51 Forging
19:15 Bow Saw
25:02 Wheelbarrow
24:15 Loom
24:19 Town Watch
26:03 Stone Mining
26:04 Gold Mining
27:20 Sanctity
27:28 Scale Barding Armor
28:48 Pastoralism
29:39 Stone Shaft Mining
31:49 Imperial Age
31:11 Husbandry
32:18 Iron Casting
33:10 Pikeman
33:16 Heavy Camel Rider
34:34 Hand Cart
35:33 Chain Barding Armor
37:38 Town Patrol
38:22 Plate Barding Armor
41:48 Light Cavalry
43:08 Fletching
43:58 Ordo Cavalry
44:14 Conscription
44:03 Lamellar Armor
46:06 Bodkin Arrow
47:54 Bracer
48:44 Caravan
49:58 Squires
51:14 Guilds
52:52 Two-Man Saw
53:08 Hussar
54:44 Transhumance
54:15 Hussar
55:06 Hussar
70:09 Two-Man Saw
69:36 Elite Steppe Lancer
70:03 Capped Ram
72:13 Siege Ram
75:29 Scale Mail Armor
75:30 Padded Archer Armor
77:13 Coinage
78:50 Banking
80:12 Padded Archer Armor
80:13 Scale Mail Armor
80:00 Arson
Random
8:28 Feudal Age
8:32 Loom
9:29 Double-Bit Axe
9:27 Horse Collar
12:23 Town Watch
15:44 Fletching
21:22 Castle Age
22:15 Bow Saw
22:05 Heavy Plow
25:17 Town Patrol
34:33 Imperial Age
33:28 Fortified Wall
33:41 Ballistics
33:23 Padded Archer Armor
33:18 Bodkin Arrow
34:29 Chieftains
34:46 Leather Archer Armor
34:55 Crossbowman
35:33 Gold Mining
36:04 Conscription
36:12 Bogsveigar
37:03 Bracer
38:23 Chemistry
37:57 Arbalester
39:04 Fortified Wall
39:47 Ring Archer Armor
38:58 Capped Ram
41:13 Hoardings
40:49 Masonry
44:51 Siege Ram
45:26 Elite Skirmisher
47:09 Pikeman
47:49 Squires
47:35 Arson
47:51 Scale Mail Armor
48:01 Forging
51:14 Architecture
53:29 Chain Mail Armor
53:49 Iron Casting
54:20 Scale Barding Armor
59:35 Plate Mail Armor
59:40 Iron Casting
69:50 Blast Furnace
79:41 Caravan
RohanAoE
10:23 Feudal Age
14:09 Castle Age
12:25 Double-Bit Axe
12:38 Horse Collar
20:55 Wheelbarrow
20:45 Loom
21:46 Bow Saw
23:28 Hand Cart
24:05 Heavy Plow
29:06 Imperial Age
26:41 Gold Mining
26:42 Stone Mining
27:17 Scale Barding Armor
27:23 Forging
29:05 Gold Shaft Mining
29:09 Stone Shaft Mining
29:06 Chain Barding Armor
29:13 Elite War Elephant
30:13 Bloodlines
30:04 Husbandry
30:44 Plate Barding Armor
31:31 Ballistics
31:48 Iron Casting
32:09 Conscription
32:16 Fletching
33:39 Bodkin Arrow
33:31 Elite Skirmisher
35:14 Blast Furnace
36:31 Chemistry
35:42 Citadels
36:26 Devotion
37:03 Masonry
37:14 Murder Holes
40:32 Architecture
40:57 Hoardings
49:14 Guilds
49:55 Caravan
50:34 Thumb Ring
52:15 Town Watch
63:35 Padded Archer Armor
63:36 Scale Mail Armor
63:47 Light Cavalry
64:28 Hussar
76:23 Two-Man Saw
心如止水
11:03 Feudal Age
12:01 Loom
15:28 Castle Age
21:40 Wheelbarrow
28:52 Double-Bit Axe
29:05 Horse Collar
29:53 Hand Cart
30:01 Bow Saw
29:58 Heavy Plow
34:09 Imperial Age
31:26 Town Watch
32:22 Gold Mining
32:51 Stone Mining
33:12 Fletching
33:27 Scale Barding Armor
34:05 Sipahi
34:18 Ballistics
33:58 Bodkin Arrow
34:06 Padded Archer Armor
35:12 Bombard Tower
34:57 Bracer
35:27 Parthian Tactics
35:28 Conscription
35:55 Masonry
36:49 Leather Archer Armor
36:03 Heavy Cavalry Archer
37:21 Thumb Ring
38:14 Artillery
39:25 Ring Archer Armor
40:01 Husbandry
41:28 Bloodlines
41:43 Forging
43:18 Architecture
42:44 Murder Holes
43:37 Chain Barding Armor
44:57 Plate Barding Armor
44:57 Iron Casting
47:30 Caravan
47:36 Treadmill Crane
52:04 Blast Furnace
52:15 Coinage
60:55 Guilds
65:18 Two-Man Saw
OmegaJ256
11:09 Feudal Age
14:53 Castle Age
13:20 Double-Bit Axe
13:44 Horse Collar
16:00 Bow Saw
17:24 Wheelbarrow
17:51 Loom
24:36 Hand Cart
29:47 Imperial Age
27:22 Fletching
28:13 Bodkin Arrow
29:27 Padded Archer Armor
29:21 Gold Mining
29:22 Stone Mining
29:09 Pikeman
29:49 Squires
30:03 Elite Conquistador
31:43 Squires
32:04 Leather Archer Armor
33:06 Conscription
32:13 Halberdier
33:23 Scale Mail Armor
33:45 Murder Holes
36:56 Chain Mail Armor
37:11 Ring Archer Armor
37:45 Forging
37:35 Bracer
38:55 Light Cavalry
39:46 Bloodlines
40:06 Husbandry
40:13 Scale Barding Armor
40:44 Iron Casting
40:43 Ballistics
41:23 Chemistry
42:52 Chain Barding Armor
43:33 Blast Furnace
43:06 Sanctity
42:57 Fervor
43:04 Block Printing
44:42 Plate Barding Armor
44:27 Masonry
46:19 Plate Mail Armor
46:57 Architecture
47:03 Hoardings
49:47 Caravan
50:40 Block Printing
51:07 Inquisition
51:30 Sappers
55:22 Two-Man Saw
76:22 Elite Skirmisher
小刀
10:52 Loom
13:14 Feudal Age
14:38 Fletching
15:36 Man-at-Arms
22:54 Castle Age
23:31 Bodkin Arrow
26:03 Long Swordsman
26:29 Arson
36:57 Imperial Age
35:54 Wheelbarrow
35:05 Town Watch
35:39 Squires
36:26 Svan Towers
37:17 Ballistics
36:40 Treadmill Crane
37:07 Guard Tower
37:55 Bracer
42:40 Keep
43:38 Arrowslits
43:36 Treadmill Crane
46:07 Chemistry
46:16 Murder Holes
51:56 Hand Cart
78:20 Caravan
明月清风
10:04 Feudal Age
13:49 Castle Age
11:59 Double-Bit Axe
12:04 Horse Collar
14:58 Bow Saw
18:17 Loom
21:01 Wheelbarrow
20:15 Town Watch
23:17 Scale Barding Armor
29:40 Imperial Age
27:27 Hand Cart
29:14 Husbandry
29:24 Bloodlines
29:36 Chain Barding Armor
29:27 Forging
31:06 Conscription
30:07 Elite Leitis
31:24 Plate Barding Armor
32:34 Iron Casting
34:08 Masonry
36:28 Hoardings
36:59 Guilds
37:47 Fervor
37:58 Sanctity
38:47 Hill Forts
40:37 Caravan
44:44 Chemistry
44:15 Architecture
43:42 Murder Holes
44:08 Ballistics
43:41 Fletching
44:14 Light Cavalry
46:20 Coinage
47:06 Bombard Tower
47:03 Pikeman
47:43 Squires
47:45 Scale Mail Armor
47:41 Bodkin Arrow
48:31 Theocracy
49:25 Banking
49:37 Chain Mail Armor
49:11 Arson
50:17 Bracer
50:22 Halberdier
53:25 Tower Shields
55:08 Block Printing
57:36 Winged Hussar
58:50 Fortified Wall
59:47 Illumination
70:32 Town Patrol
70:17 Treadmill Crane
74:11 Padded Archer Armor
Connection lost

Rejoining the realm…

Still unreachable

The connection could not be restored.

Session expired

The server has moved on; the page needs a fresh start.